 Dungeon Crawl Stone Soup version 0.30-a0-223-gcb0039aa0c (webtiles) character file.

Game seed: 11540611384906307306

155 qw the Chopper (level 5, -1/32 HPs)
             Began as a Gargoyle Fighter on Oct 9, 2022.
             Slain by a gnoll sergeant
             ... wielding a +0 spear
              (6 damage)
             ... on level 3 of the Dungeon.
             The game lasted 00:00:54 (2043 turns).

qw the Chopper (Gargoyle Fighter)                   Turns: 2043, Time: 00:00:55

Health: -1/32      AC: 13    Str: 22    XL:     5   Next: 37%
Magic:  5/5        EV:  9    Int:  8    God:
Gold:   120        SH:  5    Dex: 15    Spells: 4/4 levels left

rFire   + . .      SeeInvis .    Y - +0 war axe
rCold   . . .      Faith    .    c - +0 buckler
rNeg    + . .      Spirit   .    b - +0 scale mail
rPois   inf        Reflect  .    g - +1 helmet
rElec   +          Harm     .    (no cloak)
rCorr   .          Rampage  .    (no gloves)
Will    .....                    (no boots)
Stlth   ..........               (no amulet)
HPRegen 0.25/turn                a - +6 ring of dexterity
MPRegen 0.09/turn                k - ring of protection from fire

@: about to teleport
A: sickness immunity, AC +4, negative energy resistance 1, electricity
resistance, torment resistance 1, petrification resistance
a: no special abilities


You were on level 3 of the Dungeon.
You visited 1 branch of the dungeon, and saw 3 of its levels.

You collected 120 gold pieces.


Innate Abilities, Weirdness & Mutations

You are immune to sickness and miasma.
Your stone body is resilient. (AC +4)
You are immune to poison.
You resist negative energy. (rN+)
You are resistant to electric shocks. (rElec)
You are resistant to unholy torment.
You are immune to petrification.


   Skills:
 - Level 3.2 Fighting
 + Level 4.7 Axes
 - Level 3.2 Armour
 - Level 1.0 Dodging
 - Level 3.2 Shields


You had 4 spell levels left.
You didn't know any spells.
Your spell library was empty.

Inventory:

Hand Weapons
 e - a +0 mace
 Y - a +0 war axe (weapon)
Armour
 b - a +0 scale mail (worn)
 c - a +0 buckler (worn)
 g - a +1 helmet (worn)
Jewellery
 a - a +6 ring of dexterity (left hand)
 k - a ring of protection from fire (right hand)
Scrolls
 h - a scroll of identify
Potions
 d - 2 potions of might
 f - a potion of invisibility {unknown}
 i - a potion of attraction {unknown}
 j - a potion of haste {unknown}

Dungeon Overview and Level Annotations

Branches:
Dungeon (3/15)

Altars:
Uskayaw

Shops:
D:2 =


Message History

You barely miss the gnoll. You block the gnoll's attack.
The gnoll completely misses you.
You hit the gnoll but do no damage. The gnoll barely misses you.
You hit the gnoll.
The gnoll is moderately wounded.
You block the gnoll's attack.
You slash the gnoll!
You kill the gnoll!
Found a hand axe.
Things that are here:
a +0 club; a gnoll corpse
Found a hand axe.
The gnoll sergeant shouts!
A gnoll sergeant is nearby!
You block the gnoll sergeant's attack.
There is an open door here.
You barely miss the gnoll sergeant.
The gnoll sergeant hits you but does no damage.
The gnoll sergeant blocks your attack.
The gnoll sergeant hits you with a +0 spear!
You completely miss the gnoll sergeant.
The gnoll sergeant hits you but does no damage.
The gnoll sergeant blocks your attack.
The gnoll sergeant hits you with a +0 spear.
The gnoll sergeant barely misses you.
You hit the gnoll sergeant but do no damage.
The gnoll sergeant hits you with a +0 spear.
You barely miss the gnoll sergeant.
The gnoll sergeant hits you with a +0 spear.
You barely miss the gnoll sergeant. The gnoll sergeant misses you.
The gnoll sergeant blocks your attack.
The gnoll sergeant hits you with a +0 spear.
The gnoll sergeant hits you but does no damage.
2043 ||| READING scroll of teleportation.
As you read the scroll of teleportation, it crumbles to dust.
You feel strangely unstable.
The gnoll sergeant hits you with a +0 spear.
You die...

7)7######.####.###
77.77 #..<...>.....
7)..7 #.#...###.#..
77...77###.....#....
7.....7 #..........
77.7..)77 #.#....##..
77....7..77#......##..
7)........7#..........
7.###@###.7#.....####.
7.#...g.#.7#.#...# #.
7.#.....#)7###...# #.
77#..)$.#77#.....# #.
###.### ##.#.######.
### ###..+........
#....#.##.....
#....#)##.....
#.............


You could see a gnoll sergeant.

Vanquished Creatures
  An orc wizard (D:2)
  Natasha (D:3)
  A gnoll (D:3)
  3 adders
  3 dart slugs
  4 orcs (D:3)
  4 ball pythons
  9 endoplasms
  A giant cockroach (D:1)
  6 hobgoblins
  2 jackals (D:1)
  2 quokkas (D:3)
  7 bats
  4 goblins
  6 kobolds
  4 rats
58 creatures vanquished.

Vanquished Creatures (others)
  2 plants (D:1)
2 creatures vanquished.

Grand Total: 60 creatures vanquished

Notes
Turn   | Place    | Note
-------+----------+-------------------------------------------
     0 | D:1      | qw the Gargoyle Fighter began the quest for the Orb.
     0 | D:1      | Reached XP level 1. HP: 14/14 MP: 1/1
     0 | D:1      | 0 ||| qw: Version: 0.2-a-17-g06abaee
     0 | D:1      | 0 ||| qw: Game counter: 2075
     0 | D:1      | 0 ||| qw: Always use a shield: true
     0 | D:1      | 0 ||| qw: God list: Okawaru
     0 | D:1      | 0 ||| qw: Allow faded altars: false
     0 | D:1      | 0 ||| qw: Do Orc after D:15 true
     0 | D:1      | 0 ||| qw: Do second Lair branch before Depths: true
     0 | D:1      | 0 ||| qw: Lair rune preference: random
     0 | D:1      | 0 ||| qw: Plans: Normal, Zot:1-4, God:TSO, Crypt, Tomb,
                  | Pan, Slime:5, Hells, Abyss, Orb
     0 | D:1      | 0 ||| PLANNING D:1-11
    41 | D:1      | Reached skill level 2 in Axes
    91 | D:1      | You fall into a shaft and drop 1 floor!
   139 | D:2      | Reached XP level 2. HP: 18/19 MP: 2/2
   238 | D:2      | 238 ||| UPGRADING to +0 helmet.
   255 | D:2      | 255 ||| READING scroll labelled MEORIK JENOG.
   257 | D:2      | 257 ||| FLEEEEING.
   273 | D:2      | 273 ||| STAIRDANCE
   286 | D:1      | 286 ||| Stepping ~*~*~tactically~*~*~ (stealth).
   288 | D:1      | 288 ||| Stepping ~*~*~tactically~*~*~ (stealth).
   304 | D:1      | 304 ||| Stepping ~*~*~tactically~*~*~ (stealth).
   314 | D:1      | 314 ||| Stepping ~*~*~tactically~*~*~ (stealth).
   345 | D:1      | 345 ||| Stepping ~*~*~tactically~*~*~ (stealth).
   353 | D:1      | Reached skill level 3 in Axes
   550 | D:1      | Reached XP level 3. HP: 23/23 MP: 3/3
   619 | D:1      | 619 ||| Stepping ~*~*~tactically~*~*~ (stealth).
   914 | D:1      | 914 ||| UPGRADING to +6 ring of dexterity.
   915 | D:1      | 915 ||| READING scroll labelled SOLEDASYOTA.
   916 | D:1      | 916 ||| READING scroll labelled NOT BYFUTHRA.
   917 | D:1      | 917 ||| READING scroll labelled PAGYNT JOCLOJO.
  1054 | D:2      | Reached skill level 1 in Dodging
  1107 | D:2      | Found a hide-covered altar of Uskayaw.
  1272 | D:2      | Found Wuanurgh's Jewellery Emporium.
  1284 | D:2      | 1284 ||| SHOPLISTING +4 ring of evasion (360 gold, have
                  | 87).
  1284 | D:2      | 1284 ||| SHOPLISTING amulet of Romesed {Acrobat Drain rF-
                  | Regen+ MP+9} (433 gold, have 87).
  1284 | D:2      | 1284 ||| SHOPLISTING amulet of guardian spirit (300 gold,
                  | have 87).
  1284 | D:2      | 1284 ||| SHOPLISTING amulet of reflection (300 gold, have
                  | 87).
  1284 | D:2      | 1284 ||| SHOPLISTING amulet of the acrobat (300 gold, have
                  | 87).
  1284 | D:2      | 1284 ||| SHOPLISTING ring "Kopsohast" {Wiz Str+2} (412
                  | gold, have 87).
  1284 | D:2      | 1284 ||| SHOPLISTING ring of protection from cold (250
                  | gold, have 87).
  1427 | D:2      | Reached XP level 4. HP: 23/28 MP: 4/4
  1632 | D:2      | 1632 ||| UPGRADING to ring of protection from fire.
  1633 | D:2      | 1633 ||| READING 2 scrolls labelled VUSYCAU XASCHA.
  1634 | D:2      | 1634 ||| READING scroll of enchant armour.
  1634 | D:2      | 1634 ||| ENCHANTING +0 helmet.
  1635 | D:2      | 1635 ||| READING scroll labelled TEAMYRGHEOX.
  1636 | D:2      | 1636 ||| READING scroll labelled CUOCIB VIUB.
  1768 | D:3      | Noticed Natasha
  1772 | D:3      | Killed Natasha
  1777 | D:3      | Reached skill level 4 in Axes
  1790 | D:3      | 1790 ||| FLEEEEING.
  1791 | D:3      | 1791 ||| FLEEEEING.
  1792 | D:3      | 1792 ||| STAIRDANCE
  1798 | D:2      | Reached XP level 5. HP: 13/32 MP: 5/5
  2030 | D:3      | Found the +3 woodcutter's axe {vorpal}
  2042 | D:3      | HP: 5/32 [gnoll sergeant/+0 spear (6)]
  2043 | D:3      | 2043 ||| READING scroll of teleportation.
  2043 | D:3      | Slain by a gnoll sergeant

Levels and vault maps discovered:
D:1:      dpeg_arrival_rooms_c, layout_basic, serial_bayou_crossing
D:2:      layout_basic, serial_shops, nicolae_lakefront_shop, basic_altar,
          kennysheep_boxes
D:3:      layout_basic, lemuel_doored_altar, pf_guarded_unrand_woodcutter,
          uniq_natasha

Skill      XL: |  1  2  3  4 |
---------------+-------------+-----
Axes           | 2 3 4 |  4.7
Dodging        | 1 |  1.0
Fighting       | |  3.2
Armour         | |  3.2
Shields        | |  3.2

Action                   |  1- 3 |  4- 6 || total
-------------------------+-------+-------++-------
Melee: War axe           |   115 |    55 ||   170
  Use: Scroll            |     4 |     5 ||     9
Armor: Scale mail        |    55 |    53 ||   108
Dodge: Dodged            |    53 |    34 ||    87
Block: Buckler           |    21 |    28 ||    49

Table legend:
 A = Non-vault XP
 B = Vault XP
 C = Vault XP percentage of total XP
 D = Non-vault monster count
 E = Vault monster count
 F = Vault count percentage of total count
                 A         B        C        D         E       F
            +---------+---------+-------+---------+---------+-------
      Total |     173 |      49 |  22.1 |      56 |       2 |   3.4
            +---------+---------+-------+---------+---------+-------
        D:1 |      42 |       0 |   0.0 |      25 |       0 |   0.0
        D:2 |      77 |       0 |   0.0 |      17 |       0 |   0.0
        D:3 |      54 |      49 |  47.6 |      14 |       2 |  12.5
            +---------+---------+-------+---------+---------+-------
